 Seeded DCSS version 0.30.1-4-g462c640d31 (webtiles) character file.

Game seed: 6351066067085065685 (custom seed)

1120 Esekla the Reanimator (level 8, -1/41 HPs)
             Began as a Deep Elf Necromancer on Aug 27, 2023.
             Was a Believer of Vehumet.
             Constricted to death by Pikel (8 damage)
             ... on level 6 of the Dungeon.
             The game lasted 00:26:09 (4476 turns).

Esekla the Reanimator (Deep Elf Necromancer)        Turns: 4476, Time: 00:26:10

Health: -1/41      AC:  4    Str:  5    XL:     8   Next: 12%
Magic:  18/20      EV: 11    Int: 23    God:    Vehumet [**....]
Gold:   295        SH:  0    Dex: 15    Spells: 12/21 levels left

rFire   . . .        a - +2 dagger (vamp)
rCold   . . .        (no shield)
rNeg    . . .        k - +0 robe
rPois   .            i - +0 helmet
rElec   .            (no cloak)
rCorr   .            l - +0 pair of gloves
SInv    .            (no boots)
Will    .....        y - amulet of magic regeneration
Stlth   +++          (no ring)
HPRegen 0.26/turn    (no ring)
MPRegen 0.57/turn

%: no passive effects
@: grasped by roots, constricted
A: no striking features
a: Renounce Religion


You were on level 6 of the Dungeon.
You worshipped Vehumet.
Vehumet was pleased with you.
You visited 1 branch of the dungeon, and saw 6 of its levels.

You collected 295 gold pieces.

Inventory:

Hand Weapons
 a - a +2 vampiric dagger (weapon)
 r - a +0 trident
 s - the +5 rapier of the Hero {heavy, rN+ Dex+3}
   (You found it on level 3 of the Dungeon)

   Dex:       It affects your dexterity (+3).
   rN:        It protects you from negative energy.
Missiles
 t - 7 poisoned darts (quivered)
Armour
 i - a +0 helmet (worn)
 k - a +0 robe (worn)
 l - a +0 pair of gloves (worn)
Jewellery
 y - an amulet of magic regeneration (around neck)
Wands
 v - a wand of roots (16)
 x - a wand of flame (14)
Scrolls
 e - 3 scrolls of fear {unknown}
 f - 5 scrolls of identify {unknown}
 m - a scroll of enchant armour {unknown}
 n - 2 scrolls of amnesia {unknown}
 o - a scroll of immolation {unknown}
 p - 2 scrolls of blinking {unknown}
 u - 2 scrolls of fog {unknown}
 w - 3 scrolls of enchant weapon {unknown}
 B - a scroll of summoning {unknown}
 C - a scroll of silence {unknown}
 D - a scroll of magic mapping {unknown}
Potions
 b - a potion of magic
 c - 5 potions of curing {unknown}
 d - a potion of ambrosia {unknown}
 g - 2 potions of attraction {unknown}
 h - a potion of haste {unknown}
 j - a potion of mutation {unknown}
 q - 3 potions of brilliance {unknown}
 z - a potion of lignification {unknown}
 A - 2 potions of heal wounds {unknown}


   Skills:
 + Level 2.7 Short Blades
 + Level 0.6 Throwing
 * Level 4.8 Dodging
 + Level 4.2 Stealth
 * Level 7.1 Spellcasting
 * Level 8.6 Necromancy
 * Level 1.4 Translocations


You had 12 spell levels left.
You knew the following spells:

 Your Spells              Type           Power      Damage    Failure   Level
a - Necrotise             Necr           100%       1d9       1%          1
b - Kiss of Death         Conj/Necr      100%       2d13      1%          1
c - Freeze                Ice            32%        1d5       8%          1
d - Vampiric Draining     Necr           47%        2d9       1%          3
t - Teleport Other        Tloc           14%        N/A       13%         3

Your spell library contained the following spells:

 Spells                   Type           Power      Damage    Failure   Level
 Animate Dead             Necr           47%        N/A       2%          4
 Lesser Beckoning         Tloc           28%        N/A       6%          2
 Agony                    Necr           47%        N/A       6%          5
 Gell's Gravitas          Tloc           14%        N/A       13%         3
 Spider Form              Tmut/Pois      8%         N/A       22%         3
 Cause Fear               Hex            4%         N/A       58%         4
 Summon Mana Viper        Hex/Summ       8%         N/A       91%         5


Dungeon Overview and Level Annotations

Branches:
Dungeon (6/15)
 Temple: D:4-7

Altars:
Dithmenos
Hepliaklqana
Okawaru
Qazlal
Trog
Vehumet
Zin
The Shining One

Shops:
D:2 =   D:4 (

Annotations:
D:6 Blork the orc, Pikel


Message History

The ufetubus hits you but does no damage.
The ufetubus closely misses you.
A kobold comes into view. It is wielding a +0 dagger.
You kill the ufetubus!
Vehumet accepts your kill.
There is a stone staircase leading up here.
You hit the kobold.
You feel better.
The kobold is heavily wounded.
The kobold completely misses you.
A lemure comes into view.
You barely miss the kobold.
The kobold is heavily wounded.
You barely miss the kobold.
The lemure shouts!
Your punch misses the kobold.
The kobold is moderately wounded.
Pikel zaps a wand.
The roots erupt in riotous growth!
The grasping roots grab you!
Pikel is unaffected.
The kobold is unaffected.
The grasping roots constrict you.
A kobold comes into view. It is wielding a +0 short sword.
The kobold hits you with a +0 dagger.
Casting: Vampiric Draining (safe; 1% risk of failure)
Confirm with . or Enter, or press ? or * to list all spells.
Aiming: Vampiric Draining (safe; 1% risk of failure)
Press: ? - help, Shift-Dir - straight line, f - kobold, p - Pikel
Aim: a kobold, wielding a +0 dagger and quivering stones (moderately wounded)
You draw life force from the kobold!
You kill the kobold!
Vehumet accepts your kill.
You feel life coursing into your body.
Pikel hits you with a +1 whip of flaming!
Pikel burns you. The grasping roots constrict you!
The roots grasp on you weakens, but your attempt to escape fails.
Pikel hits you with a +1 whip of flaming!
* * * LOW HITPOINT WARNING * * *
Pikel burns you.
* * * LOW HITPOINT WARNING * * *
The grasping roots constrict you!
You die...

#..#..##(#
##....##.######
#..#.........#
#..####5####.#
#.......# #.....55#
######5## #K# ####@#
#.K~)# #.#### #####
##.## ##...##
#...######.....##
#.#.............##
#...#.##.........#
#####.##.........###.
#.##.............


You could see Pikel, 4 lemures and a kobold.

Vanquished Creatures
  An ice beast (D:6)
  A sky beast (D:6)
  A black bear (D:2)
  An ogre (D:5)
  2 scorpions (D:5)
  A gnoll bouda (D:4)
  5 hounds
  A jelly (D:6)
  A sleepcap (D:5)
  4 iguanas
  12 gnolls
  9 adders
  2 white imps
  An ufetubus (D:6)
  A worm (D:4)
  3 dart slugs
  11 orcs
  6 ball pythons
  3 endoplasms
  8 goblins
  5 hobgoblins
  A quokka (D:1)
  4 bats
  4 frilled lizards
  6 kobolds
  A rat (D:2)
95 creatures vanquished.

Notes
Turn   | Place    | Note
-------+----------+-------------------------------------------
     0 | D:1      | Esekla the Deep Elf Necromancer began the quest for the
                  | Orb.
     0 | D:1      | Reached XP level 1. HP: 10/10 MP: 6/6
   155 | D:1      | Reached skill level 5 in Necromancy
   364 | D:2      | Found Renulab's Jewellery Shop.
   553 | D:4      | Found an iron altar of Okawaru.
   564 | D:4      | Found a glowing silver altar of Zin.
   723 | D:4      | Found a radiant altar of Vehumet.
   727 | D:4      | Became a worshipper of Vehumet
   812 | D:3      | Reached XP level 2. HP: 15/15 MP: 8/8
   994 | D:3      | Found a stormy altar of Qazlal.
  1244 | D:3      | Identified the +5 rapier of the Hero {heavy, rN+ Dex+3}
  1362 | D:1      | Reached XP level 3. HP: 16/19 MP: 9/9
  1366 | D:1      | Learned a level 3 spell: Vampiric Draining
  1429 | D:1      | Reached * piety under Vehumet
  1429 | D:1      | Offered knowledge of Kiss of Death by Vehumet.
  1433 | D:1      | Learned a level 1 spell: Kiss of Death
  1465 | D:2      | Noticed a black bear
  1499 | D:2      | Found a faded altar of an unknown god.
  1530 | D:2      | Reached XP level 4. HP: 14/24 MP: 6/11
  1551 | D:2      | Reached skill level 1 in Short Blades
  1722 | D:2      | Killed a black bear
  1723 | D:2      | Reached skill level 6 in Necromancy
  1723 | D:2      | Reached XP level 5. HP: 19/28 MP: 5/13
  2148 | D:3      | Found a bloodstained altar of Trog.
  2210 | D:3      | Found a hazy altar of Hepliaklqana.
  2343 | D:4      | Found Ponaysk's Antique Weapon Boutique.
  2419 | D:4      | Found a glowing golden altar of the Shining One.
  2450 | D:5      | Entered Level 5 of the Dungeon
  2455 | D:5      | Reached XP level 6. HP: 27/32 MP: 8/14
  2582 | D:5      | Found a shadowy altar of Dithmenos.
  2639 | D:5      | Reached skill level 5 in Spellcasting
  2759 | D:5      | Reached skill level 7 in Necromancy
  2814 | D:6      | Noticed an ice beast
  2822 | D:6      | Killed an ice beast
  2822 | D:6      | Offered knowledge of Freeze by Vehumet.
  2823 | D:6      | Reached XP level 7. HP: 26/36 MP: 8/17
  2833 | D:6      | Learned a level 1 spell: Freeze
  2881 | D:6      | Noticed Blork the orc
  2894 | D:5      | Reached ** piety under Vehumet
  3421 | D:1      | Learned a level 3 spell: Teleport Other
  3876 | D:4      | Reached skill level 8 in Necromancy
  3928 | D:4      | Reached skill level 1 in Translocations
  4040 | D:5      | Got the Parchment of the Lumpy Olives
  4177 | D:5      | Reached XP level 8. HP: 27/41 MP: 15/20
  4464 | D:6      | Noticed Pikel
  4476 | D:6      | Constricted to death by Pikel

Illustrated notes

Levels and vault maps discovered:
D:1:      sevenhm_arrival_forest_fort_small_3, layout_rooms,
          chequers_serial_rivers_room_b, minmay_misc_feat_five
D:2:      layout_loops_ring, dreamdust_ecumenical_altar_angels_and_demons,
          serial_shops, shop
D:3:      layout_basic, grunt_temple_overflow_open, minmay_misc_feat_iff
D:4:      layout_basic, nicolae_overflow_quartered_altars, serial_shops,
          nicolae_diamond_shop
D:5:      layout_loops_ring, lemuel_doored_altar, minmay_misc_feat_rows,
          dreamdust_wishing_well
D:6:      layout_loops_cross, fedhas_altar_fruit_tree,
          minmay_temple_entry_glass, uniq_pikel, uniq_blork_the_orc

Skill      XL: |  1  2  3  4  5  6  7  8 |
---------------+-------------------------+-----
Necromancy     | 5 6 7 8 |  8.6
Dodging        | 3 4 |  4.8
Stealth        | 3 4 |  4.2
Short Blades   | 1 2 |  2.7
Spellcasting   | 4 5 6 7 |  7.1
Translocations | 1 |  1.4
Throwing       | |  0.6

Action                     |  1- 3 |  4- 6 |  7- 9 || total
---------------------------+-------+-------+-------++-------
  Melee: Short sword       |    64 |     7 |       ||    71
         Unarmed           |     9 |       |       ||     9
         Punch             |     1 |     1 |     3 ||     5
         Dagger            |       |    62 |   125 ||   187
  Throw: Dart              |       |     9 |     7 ||    16
   Cast: Vampiric Draining |     3 |    21 |    28 ||    52
  Evoke: Wand              |       |       |     1 ||     1
   Stab: Sleeping          |     8 |     4 |     6 ||    18
         Distracted        |       |     1 |       ||     1
 Armour: Robe              |    20 |     7 |    13 ||    40
  Dodge: Dodged            |    45 |    32 |    59 ||   136
